Cogmind - Beta 12 @@@ ROGUE MODE // 2023.04.19 @ 19:21:30 Player: Mr Goldstein Result: Self-destructed Performance ------------- Evolutions (7) 3500 Regions Visited (15) 3000 Robots Destroyed (0) 0 Value Destroyed (0) 0 Prototype IDs (2) 40 Alien Tech Used (0) 0 Bonus (7585) 7585 TOTAL SCORE: 14125 Bonus ------- Pacifist 4085 Entered DSFs 1000 Scanned by Researcher 500 Acquired SGEMP 2000 Cogmind --------- Core Integrity 150/1300 Matter 215/300 Energy 100/100 System Corruption 0% Temperature Cool (0) Movement Core (50) Location -3/Testing Parts ------- > --- POWER (2) -------- (None) > --- PROPULSION (9) --- (None) > --- UTILITY (8) ------ (None) > --- WEAPON (2) ------- (None) > --- INVENTORY (5) ---- Angular Momentum Engine Angular Momentum Engine Graviton Reactor SGEMP Prototype Peak State ------------ > --- POWER ------------ Heavy Ion Engine > --- PROPULSION ------- VTOL Module Surge Thruster Field Propulsion Drive Field Propulsion Drive > --- UTILITY ---------- Enhanced Optical Array > --- WEAPON ----------- (None) > --- INVENTORY -------- Angular Momentum Engine Angular Momentum Engine [Rating: 26] Favorites ----------- Power Heavy Ion Engine Engine Heavy Ion Engine Reactor Graviton Reactor Propulsion Surge Thruster Flight Unit Surge Thruster Utility Enhanced Optical Array Processor Enhanced Optical Array Weapon None Build | -11 -10 -9 -8 -7 -7 -6 -6 -6 -5 -5 -5 -4 -4 -3 -3 ------- Run | Jun Mat Mat Mat Fac DSF Fac Low Low Fac Was Fac Fac DSF Res Tes Slots Evolved 14 | . . 2 2 2 . 2 . . 2 . . 2 . 2 . Power 1 | . . . . . . 1 . . . . . . . . . Propulsion 7 | . . 2 2 . . . . . 1 . . 1 . 1 . Utility 6 | . . . . 2 . 1 . . 1 . . 1 . 1 . Weapon . | . . . . . . . . . . . . . . . . Parts Attached 13 | . . 1 . . . 2 1 . 4 . 2 . . 1 2 Power 4 | . . 1 . . . 1 . . 1 . . . . . 1 Engine 3 | . . 1 . . . 1 . . 1 . . . . . . Core . | . . . . . . . . . . . . . . . . Reactor 1 | . . . . . . . . . . . . . . . 1 Propulsion 8 | . . . . . . . 1 . 3 . 2 . . 1 1 Treads . | . . . . . . . . . . . . . . . . Leg . | . . . . . . . . . . . . . . . . Wheel . | . . . . . . . . . . . . . . . . Hover . | . . . . . . . . . . . . . . . . Flight 8 | . . . . . . . 1 . 3 . 2 . . 1 1 Utility 1 | . . . . . . 1 . . . . . . . . . Device . | . . . . . . . . . . . . . . . . Storage . | . . . . . . . . . . . . . . . . Processor 1 | . . . . . . 1 . . . . . . . . . Hackware . | . . . . . . . . . . . . . . . . Protection . | . . . . . . . . . . . . . . . . Artifact . | . . . . . . . . . . . . . . . . Weapon . | . . . . . . . . . . . . . . . . Energy Gun . | . . . . . . . . . . . . . . . . Energy Cannon . | . . . . . . . . . . . . . . . . Ballistic Gun . | . . . . . . . . . . . . . . . . Ballistic Cannon . | . . . . . . . . . . . . . . . . Launcher . | . . . . . . . . . . . . . . . . Special Weapon . | . . . . . . . . . . . . . . . . Impact Weapon . | . . . . . . . . . . . . . . . . Slashing Weapon . | . . . . . . . . . . . . . . . . Piercing Weapon . | . . . . . . . . . . . . . . . . Special Melee Weapon . | . . . . . . . . . . . . . . . . Unidentified Prototypes 2 | . . 1 . . . . . . . . . . . . 1 Parts Lost 9 | . . . . . . . 1 . . . 5 . . 2 1 Power 1 | . . . . . . . . . . . 1 . . . . Propulsion 7 | . . . . . . . 1 . . . 4 . . 1 1 Utility 1 | . . . . . . . . . . . . . . 1 . Weapon . | . . . . . . . . . . . . . . . . Highest Loss Streak 4 | . . . . . . . 1 . . . 4 . . 1 1 To Critical Strikes . | . . . . . . . . . . . . . . . . Average Slot Usage (%) 9 | . . 5 . . . 4 6 6 27 29 31 10 10 7 2 Engine 1 | . . 5 . . . . . . 4 5 5 . . . . Flight 4 | . . . . . . . . . 17 17 19 5 5 3 2 Processor 3 | . . . . . . 4 6 6 5 5 5 5 5 4 . Naked Turns 295 | . 72 24 47 68 22 27 . . . . . . . 1 34 Heaviest Build 8 | . . 8 . . . . . . 8 8 8 . . . . Greatest Support 21 | 3 3 3 3 3 3 3 3 3 10 10 21 7 7 8 8 Greatest Overweight (x) 2 | . . 2 . . . . . . . . 1 . . . . Average Overweight (x) . | . . . . . . . . . . . . . . . . Largest Inventory Capacity 5 | 5 5 5 5 5 5 5 5 5 5 5 5 5 5 5 5 Average Capacity 5 | 5 5 5 5 5 5 5 5 5 5 5 5 5 5 5 5 Most Carried 5 | . . 1 1 1 3 4 5 5 5 2 2 2 2 3 5 Average Carried 2 | . . . 1 1 1 3 4 5 2 2 2 2 2 2 3 Final Capacity 5 | 5 5 5 5 5 5 5 5 5 5 5 5 5 5 5 5 Final Carried 5 | . . 1 1 1 3 4 5 5 2 2 2 2 2 3 5 Class Distribution -------------------- 83% | Mutant 16% | Sprinter Dominant Class ---------------- Mutant | -10/Materials Mutant | -9/Materials Mutant | -8/Materials Mutant | -7/Factory Mutant | -7/DSF Mutant | -6/Factory Mutant | -6/Lower Caves Mutant | -6/Lower Caves Sprinter | -5/Factory Sprinter | -5/Waste Sprinter | -5/Factory Sprinter | -4/Factory Mutant | -4/DSF Mutant | -3/Research Mutant | -3/Testing Resources | -11 -10 -9 -8 -7 -7 -6 -6 -6 -5 -5 -5 -4 -4 -3 -3 ----------- Run | Jun Mat Mat Mat Fac DSF Fac Low Low Fac Was Fac Fac DSF Res Tes Matter Collected 171 | 59 . . . . . . 68 39 . . . . . . 5 Remotely . | . . . . . . . . . . . . . . . . Salvage Created . | . . . . . . . . . . . . . . . . Parts . | . . . . . . . . . . . . . . . . Haulers Intercepted . | . . . . . . . . . . . . . . . . Recyclers Shooed . | . . . . . . . . . . . . . . . . Parts Field Recycled . | . . . . . . . . . . . . . . . . Retrieved Matter . | . . . . . . . . . . . . . . . . Parts Self-Destructed 5 | . . . . . . . 5 . . . . . . . . Prevented . | . . . . . . . . . . . . . . . . Kills | -11 -10 -9 -8 -7 -7 -6 -6 -6 -5 -5 -5 -4 -4 -3 -3 ------- Run | Jun Mat Mat Mat Fac DSF Fac Low Low Fac Was Fac Fac DSF Res Tes Combat Hostiles Destroyed . | . . . . . . . . . . . . . . . . Classes Destroyed . | . . . . . . . . . . . . . . . . Best Kill Streak . | . . . . . . . . . . . . . . . . Combat Bots Only . | . . . . . . . . . . . . . . . . Max Kills in Single Turn . | . . . . . . . . . . . . . . . . Gunslinging . | . . . . . . . . . . . . . . . . Exploded . | . . . . . . . . . . . . . . . . Melee . | . . . . . . . . . . . . . . . . Uniques/NPCs Destroyed . | . . . . . . . . . . . . . . . . Combat | -11 -10 -9 -8 -7 -7 -6 -6 -6 -5 -5 -5 -4 -4 -3 -3 -------- Run | Jun Mat Mat Mat Fac DSF Fac Low Low Fac Was Fac Fac DSF Res Tes Damage Taken 3233 | 3 88 155 193 . 213 347 303 3 127 . 476 . 77 368 880 Core 2767 | 3 88 155 193 . 213 347 286 2 62 . 191 . 77 310 840 Absorbed by Shields . | . . . . . . . . . . . . . . . . Core Remaining (%) 68 | 98 63 61 64 . 69 . . 25 . . 74 . 93 . . Volleys Fired . | . . . . . . . . . . . . . . . . Largest . | . . . . . . . . . . . . . . . . Hottest . | . . . . . . . . . . . . . . . . Shots Fired . | . . . . . . . . . . . . . . . . Gun . | . . . . . . . . . . . . . . . . Cannon . | . . . . . . . . . . . . . . . . Launcher . | . . . . . . . . . . . . . . . . Special . | . . . . . . . . . . . . . . . . Kinetic . | . . . . . . . . . . . . . . . . Thermal . | . . . . . . . . . . . . . . . . Explosive . | . . . . . . . . . . . . . . . . Electromagnetic . | . . . . . . . . . . . . . . . . Robot Hit Streak . | . . . . . . . . . . . . . . . . Robot Miss Streak . | . . . . . . . . . . . . . . . . Penetration Max . | . . . . . . . . . . . . . . . . Secondary Targets . | . . . . . . . . . . . . . . . . Shots Hit Robots . | . . . . . . . . . . . . . . . . Core Hits . | . . . . . . . . . . . . . . . . Critical Kills . | . . . . . . . . . . . . . . . . Critical Parts Destroyed . | . . . . . . . . . . . . . . . . Critical Strikes . | . . . . . . . . . . . . . . . . Melee Attacks . | . . . . . . . . . . . . . . . . Impact . | . . . . . . . . . . . . . . . . Slashing . | . . . . . . . . . . . . . . . . Piercing . | . . . . . . . . . . . . . . . . Sneak Attacks . | . . . . . . . . . . . . . . . . Combat Hostiles . | . . . . . . . . . . . . . . . . Follow-up Attacks . | . . . . . . . . . . . . . . . . Damage Inflicted 24 | 8 . . . . . . . 6 . . . . . . 10 Guns . | . . . . . . . . . . . . . . . . Cannons . | . . . . . . . . . . . . . . . . Explosions . | . . . . . . . . . . . . . . . . Melee . | . . . . . . . . . . . . . . . . Ramming 24 | 8 . . . . . . . 6 . . . . . . 10 Kinetic . | . . . . . . . . . . . . . . . . Thermal . | . . . . . . . . . . . . . . . . Explosive . | . . . . . . . . . . . . . . . . Electromagnetic . | . . . . . . . . . . . . . . . . Impact . | . . . . . . . . . . . . . . . . Slashing . | . . . . . . . . . . . . . . . . Piercing . | . . . . . . . . . . . . . . . . Highest Corruption 4 | . . 4 . . . . . . . . . . . . . Average Corruption 4 | . . 4 . . . . . . . . . . . . . Corruption Purged . | . . . . . . . . . . . . . . . . Corruption Blocked . | . . . . . . . . . . . . . . . . Overload Shots . | . . . . . . . . . . . . . . . . Overflow Damage 2 | . . . . . . . . 2 . . . . . . . Projectiles . | . . . . . . . . . . . . . . . . Explosions . | . . . . . . . . . . . . . . . . Melee 2 | . . . . . . . . 2 . . . . . . . Knockbacks 2 | . . . . . . . . . . . . . . . 2 Impact 2 | . . . . . . . . . . . . . . . 2 Kinetic . | . . . . . . . . . . . . . . . . Secondary . | . . . . . . . . . . . . . . . . Self-Inflicted Damage 10 | 3 . . . . . . . 3 . . . . . . 4 Shots . | . . . . . . . . . . . . . . . . Rammed 8 | 2 . . . . . . . 2 . . . . . 2 2 Targets Rammed 8 | 2 . . . . . . . 2 . . . . . 2 2 Kicked . | . . . . . . . . . . . . . . . . Crushed . | . . . . . . . . . . . . . . . . Highest Temperature . | . . . . . . . . . . . . . . . . Average Temperature . | . . . . . . . . . . . . . . . . Received Heat Transfer 339 | . 18 87 81 . . 63 . . . . . . . 54 36 Siege Activations . | . . . . . . . . . . . . . . . . Robots Corrupted . | . . . . . . . . . . . . . . . . Combat Hostiles . | . . . . . . . . . . . . . . . . Parts Fried . | . . . . . . . . . . . . . . . . Impact Corruptions 1 | . . . . . . . . 1 . . . . . . . Robots Melted . | . . . . . . . . . . . . . . . . Combat Hostiles . | . . . . . . . . . . . . . . . . Parts Melted . | . . . . . . . . . . . . . . . . Heat Transferred . | . . . . . . . . . . . . . . . . Parts Sabotaged . | . . . . . . . . . . . . . . . . Parts Stolen . | . . . . . . . . . . . . . . . . Parts Stripped . | . . . . . . . . . . . . . . . . Power Chain Reactions . | . . . . . . . . . . . . . . . . Missiles Intercepted . | . . . . . . . . . . . . . . . . Alert | -11 -10 -9 -8 -7 -7 -6 -6 -6 -5 -5 -5 -4 -4 -3 -3 ------- Run | Jun Mat Mat Mat Fac DSF Fac Low Low Fac Was Fac Fac DSF Res Tes Peak Influence 203 | . 120 110 90 40 46 203 . . 111 38 161 76 53 139 155 Initial 76 | . . 50 46 40 31 23 . . 66 38 26 76 53 29 72 Average 63 | . 8 77 69 40 39 82 . . 77 38 63 76 53 39 114 Maximum Alert Level 1 | . . . . . . 1 . . . . . . . . . Low Security (%) 98 | 100 100 100 100 100 100 90 . . 100 100 100 100 100 100 100 Level 1 1 | . . . . . . 9 . . . . . . . . . Level 2 . | . . . . . . . . . . . . . . . . Level 3 . | . . . . . . . . . . . . . . . . Level 4 . | . . . . . . . . . . . . . . . . Level 5 . | . . . . . . . . . . . . . . . . High Security . | . . . . . . . . . . . . . . . . Max Security . | . . . . . . . . . . . . . . . . Squads Dispatched 10 | . . 1 . . 1 2 . . 1 . 1 . . 1 3 Investigation 3 | . . 1 . . . . . . . . . . . 1 1 Extermination . | . . . . . . . . . . . . . . . . Reinforcement 7 | . . . . . 1 2 . . 1 . 1 . . . 2 Assault . | . . . . . . . . . . . . . . . . Garrison . | . . . . . . . . . . . . . . . . Intercept . | . . . . . . . . . . . . . . . . Searches Triggered . | . . . . . . . . . . . . . . . . Construction Impeded . | . . . . . . . . . . . . . . . . Haulers Reinforced . | . . . . . . . . . . . . . . . . Active Scanning Responses . | . . . . . . . . . . . . . . . . Cargo Convoy Interrupts . | . . . . . . . . . . . . . . . . Stealth | -11 -10 -9 -8 -7 -7 -6 -6 -6 -5 -5 -5 -4 -4 -3 -3 --------- Run | Jun Mat Mat Mat Fac DSF Fac Low Low Fac Was Fac Fac DSF Res Tes Distress Signals 4 | . 1 . . . . 2 . . . . . . . . 1 Communications Jammed . | . . . . . . . . . . . . . . . . Distress Signals . | . . . . . . . . . . . . . . . . Times Spotted 118 | . 7 11 7 . 5 17 4 5 9 5 25 . 1 14 8 Peak Tracking Total 16 | . 8 12 7 . 4 13 4 5 8 5 16 . 1 12 6 Tactical Retreats 11 | . 1 . . . . 2 1 . 2 . 3 . . 1 1 Traps | -11 -10 -9 -8 -7 -7 -6 -6 -6 -5 -5 -5 -4 -4 -3 -3 ------- Run | Jun Mat Mat Mat Fac DSF Fac Low Low Fac Was Fac Fac DSF Res Tes Traps Triggered 4 | . . 1 . . . . . . 1 . 1 . 1 . . Indirectly . | . . . . . . . . . . . . . . . . Trap Hack Attempts . | . . . . . . . . . . . . . . . . Triggered . | . . . . . . . . . . . . . . . . Disarmed . | . . . . . . . . . . . . . . . . Reprogrammed . | . . . . . . . . . . . . . . . . Reused . | . . . . . . . . . . . . . . . . Traps Extracted . | . . . . . . . . . . . . . . . . Installed . | . . . . . . . . . . . . . . . . Triggered . | . . . . . . . . . . . . . . . . Machines | -11 -10 -9 -8 -7 -7 -6 -6 -6 -5 -5 -5 -4 -4 -3 -3 ---------- Run | Jun Mat Mat Mat Fac DSF Fac Low Low Fac Was Fac Fac DSF Res Tes Machines Disabled . | . . . . . . . . . . . . . . . . Max in Single Turn . | . . . . . . . . . . . . . . . . Machines Repaired . | . . . . . . . . . . . . . . . . Machines Sabotaged . | . . . . . . . . . . . . . . . . Overloaded Fab Kills . | . . . . . . . . . . . . . . . . Hacking | -11 -10 -9 -8 -7 -7 -6 -6 -6 -5 -5 -5 -4 -4 -3 -3 --------- Run | Jun Mat Mat Mat Fac DSF Fac Low Low Fac Was Fac Fac DSF Res Tes Machines Accessed 9 | . . . 1 1 . . . . 1 . . 1 . 1 4 Terminals 9 | . . . 1 1 . . . . 1 . . 1 . 1 4 Fabricators . | . . . . . . . . . . . . . . . . Repair Stations . | . . . . . . . . . . . . . . . . Recycling Units . | . . . . . . . . . . . . . . . . Scanalyzers . | . . . . . . . . . . . . . . . . Garrison Access . | . . . . . . . . . . . . . . . . Total Hacks 16 | . . . 3 1 . . . . 1 . . 1 . 2 8 Successful 5 | . . . 1 1 . . . . . . . 1 . . 2 Failed 11 | . . . 2 . . . . . 1 . . . . 2 6 Catastrophic 4 | . . . . . . . . . 1 . . . . 2 1 Database Lockouts . | . . . . . . . . . . . . . . . . Manual 3 | . . . 3 . . . . . . . . . . . . Terminals 16 | . . . 3 1 . . . . 1 . . 1 . 2 8 Fabricators . | . . . . . . . . . . . . . . . . Repair Stations . | . . . . . . . . . . . . . . . . Recycling Units . | . . . . . . . . . . . . . . . . Scanalyzers . | . . . . . . . . . . . . . . . . Garrison Access . | . . . . . . . . . . . . . . . . Terminal Hacks 5 | . . . 1 1 . . . . . . . 1 . . 2 Record 1 | . . . . . . . . . . . . . . . 1 Open DSF 2 | . . . . 1 . . . . . . . 1 . . . Zone Layout 2 | . . . 1 . . . . . . . . . . . 1 Fabricator Hacks . | . . . . . . . . . . . . . . . . Repair Station Hacks . | . . . . . . . . . . . . . . . . Recycling Unit Hacks . | . . . . . . . . . . . . . . . . Scanalyzer . | . . . . . . . . . . . . . . . . Garrison Access Hacks . | . . . . . . . . . . . . . . . . Unauthorized Hacks . | . . . . . . . . . . . . . . . . Terminals . | . . . . . . . . . . . . . . . . Fabricators . | . . . . . . . . . . . . . . . . Repair Stations . | . . . . . . . . . . . . . . . . Recycling Units . | . . . . . . . . . . . . . . . . Scanalyzers . | . . . . . . . . . . . . . . . . Garrison Access . | . . . . . . . . . . . . . . . . Data Cores Recovered . | . . . . . . . . . . . . . . . . Used . | . . . . . . . . . . . . . . . . Hacking Detections 7 | . . . 1 . . . . . 1 . . . . 1 4 Full Trace Events 2 | . . . . . . . . . . . . . . 1 1 Feedback Events . | . . . . . . . . . . . . . . . . Feedback Blocked . | . . . . . . . . . . . . . . . . Robot Schematics Acquired . | . . . . . . . . . . . . . . . . Robots Built . | . . . . . . . . . . . . . . . . Authchips . | . . . . . . . . . . . . . . . . Time . | . . . . . . . . . . . . . . . . Total Robot Build Rating . | . . . . . . . . . . . . . . . . Part Schematics Acquired . | . . . . . . . . . . . . . . . . Parts Built . | . . . . . . . . . . . . . . . . Authchips . | . . . . . . . . . . . . . . . . Time . | . . . . . . . . . . . . . . . . Total Part Build Rating . | . . . . . . . . . . . . . . . . Parts Repaired . | . . . . . . . . . . . . . . . . Time . | . . . . . . . . . . . . . . . . Parts Recycled . | . . . . . . . . . . . . . . . . Recycled Matter . | . . . . . . . . . . . . . . . . Retrieved Matter . | . . . . . . . . . . . . . . . . Retrieved Components . | . . . . . . . . . . . . . . . . Parts Scanalyzed . | . . . . . . . . . . . . . . . . Part Schematics Acquired . | . . . . . . . . . . . . . . . . Parts Damaged . | . . . . . . . . . . . . . . . . Bothacking | -11 -10 -9 -8 -7 -7 -6 -6 -6 -5 -5 -5 -4 -4 -3 -3 ------------ Run | Jun Mat Mat Mat Fac DSF Fac Low Low Fac Was Fac Fac DSF Res Tes Used RIF Installer . | . . . . . . . . . . . . . . . . Robots Hacked . | . . . . . . . . . . . . . . . . Non-combat . | . . . . . . . . . . . . . . . . Combat . | . . . . . . . . . . . . . . . . Robot Hacks Applied . | . . . . . . . . . . . . . . . . Relay Couplers Released . | . . . . . . . . . . . . . . . . Fabnet Peak Effective % . | . . . . . . . . . . . . . . . . Robots Rewired . | . . . . . . . . . . . . . . . . Allies Hacked . | . . . . . . . . . . . . . . . . Hacks Repelled . | . . . . . . . . . . . . . . . . Allies | -11 -10 -9 -8 -7 -7 -6 -6 -6 -5 -5 -5 -4 -4 -3 -3 -------- Run | Jun Mat Mat Mat Fac DSF Fac Low Low Fac Was Fac Fac DSF Res Tes Total Allies . | . . . . . . . . . . . . . . . . Largest Group . | . . . . . . . . . . . . . . . . Highest-Rated Group . | . . . . . . . . . . . . . . . . Highest-Rated Ally . | . . . . . . . . . . . . . . . . Total Orders . | . . . . . . . . . . . . . . . . Ally Attacks . | . . . . . . . . . . . . . . . . Total Damage . | . . . . . . . . . . . . . . . . Kills . | . . . . . . . . . . . . . . . . Allies Corrupted . | . . . . . . . . . . . . . . . . Allies Melted . | . . . . . . . . . . . . . . . . Intel | -11 -10 -9 -8 -7 -7 -6 -6 -6 -5 -5 -5 -4 -4 -3 -3 ------- Run | Jun Mat Mat Mat Fac DSF Fac Low Low Fac Was Fac Fac DSF Res Tes Robot Analysis Total . | . . . . . . . . . . . . . . . . Derelict Logs Recovered 1 | . . . . . . . . 1 . . . . . . . Drone Launches . | . . . . . . . . . . . . . . . . Drone Recoveries . | . . . . . . . . . . . . . . . . Exploration | -11 -10 -9 -8 -7 -7 -6 -6 -6 -5 -5 -5 -4 -4 -3 -3 ------------- Run | Jun Mat Mat Mat Fac DSF Fac Low Low Fac Was Fac Fac DSF Res Tes Turns Passed 1052 | 10 72 45 47 68 22 129 178 41 52 25 129 1 24 94 115 Spaces Moved 2252 | 16 143 58 93 136 40 251 350 78 157 87 355 3 54 197 234 Core 1260 | 16 143 58 93 136 40 251 350 78 7 . . . . 48 40 Treads . | . . . . . . . . . . . . . . . . Legs . | . . . . . . . . . . . . . . . . Wheels . | . . . . . . . . . . . . . . . . Hover . | . . . . . . . . . . . . . . . . Flight 992 | . . . . . . . . . 150 87 355 3 54 149 194 Fastest Speed 28 | 50 50 50 50 50 50 50 50 50 29 29 28 45 45 40 40 Average Speed 44 | 50 50 72 50 50 50 50 50 50 29 29 32 45 45 45 41 Slowest Speed 150 | 50 50 150 50 50 50 50 50 50 50 29 125 45 45 50 50 Overloaded Moves . | . . . . . . . . . . . . . . . . Propulsion Burnouts . | . . . . . . . . . . . . . . . . Robots Hopped 24 | . . . . . . . . . 3 4 9 . . 5 3 Cave-ins Triggered . | . . . . . . . . . . . . . . . . Exploration Rate (%) 26 | 3 34 14 19 6 44 11 55 13 7 78 13 1 88 8 37 Regions Visited 15 Branch Regions 3 Pre-discovered Areas 1 | . . . . . . . . 1 . . . . . . . Known Exits Taken 2 | . . . . 1 . . . . . . . 1 . . . Unknown Exits Taken 9 | 1 1 1 1 . . 1 1 1 . . 1 . . 1 . Scrap Searched . | . . . . . . . . . . . . . . . . Spaces Dug . | . . . . . . . . . . . . . . . . Terrain Destroyed . | . . . . . . . . . . . . . . . . Melee . | . . . . . . . . . . . . . . . . Projectile . | . . . . . . . . . . . . . . . . AOE . | . . . . . . . . . . . . . . . . Terrain Rammed . | . . . . . . . . . . . . . . . . Walls Destroyed . | . . . . . . . . . . . . . . . . Machines Disabled . | . . . . . . . . . . . . . . . . Actions | -11 -10 -9 -8 -7 -7 -6 -6 -6 -5 -5 -5 -4 -4 -3 -3 --------- Run | Jun Mat Mat Mat Fac DSF Fac Low Low Fac Was Fac Fac DSF Res Tes Total 2268 | 17 142 60 92 135 41 253 353 79 159 82 357 2 53 196 247 Wait . | . . . . . . . . . . . . . . . . Move 2195 | 15 142 57 92 135 39 250 349 77 152 80 337 2 53 187 228 Hop 20 | . . . . . . . . . 2 2 8 . . 5 3 Pick Up 8 | . . 1 . . 2 . 2 . 1 . . . . 1 1 Fast Attach 7 | . . 1 . . . 2 1 . . . 2 . . . 1 Attach 6 | . . . . . . . . . 4 . . . . 1 1 Detach 3 | . . . . . . 1 . . . . . . . 1 1 Swap . | . . . . . . . . . . . . . . . . Drop 2 | . . 1 . . . . 1 . . . . . . . . Fire . | . . . . . . . . . . . . . . . . Melee . | . . . . . . . . . . . . . . . . Ram 7 | 2 . . . . . . . 2 . . . . . 1 2 Kick . | . . . . . . . . . . . . . . . . Crush . | . . . . . . . . . . . . . . . . Escape Stasis 20 | . . . . . . . . . . . 10 . . . 10 Rewire . | . . . . . . . . . . . . . . . . Trap . | . . . . . . . . . . . . . . . . Miscellaneous . | . . . . . . . . . . . . . . . . Route ------- -11/Junkyard -10/Materials (discovered 2 exits: [*Mat] / [*Min]) -9/Materials -8/Materials -7/Factory -7/DSF -6/Factory -6/Lower Caves -6/Lower Caves -5/Factory -5/Waste -5/Factory -4/Factory -4/DSF -3/Research -3/Testing History --------- Turn | Location | Event 4 | -11/Junkyard | Discovered new exit (range 13) 11 | -11/Junkyard | Entered Materials 57 | -10/Materials | Discovered new exit (range 6) 75 | -10/Materials | Discovered new exit (range 16) 83 | -10/Materials | Entered another Materials area 83 | -9/Materials | Evolved 2 slots: Propulsion x2 122 | -9/Materials | Discovered new exit (range 13) 128 | -9/Materials | Entered another Materials area 128 | -8/Materials | Evolved 2 slots: Propulsion x2 168 | -8/Materials | Discovered new exit (range 15) 175 | -8/Materials | Entered Factory 175 | -7/Factory | Evolved 2 slots: Utility x2 243 | -7/Factory | Identified exit to DSF 243 | -7/Factory | Entered DSF 255 | -7/DSF | Discovered new exit (range 15) 265 | -7/DSF | Entered Factory 265 | -6/Factory | Evolved 2 slots: Power x1, Utility x1 313 | -6/Factory | Build established: Mutant 391 | -6/Factory | Discovered new exit (range 7) 394 | -6/Factory | Entered Lower Caves 512 | -6/Lower Caves | Core integrity fell below 50% 527 | -6/Lower Caves | Encountered a Warlord checkpoint 568 | -6/Lower Caves | Discovered new exit (range 9) 572 | -6/Lower Caves | Entered another Lower Caves area 603 | -6/Lower Caves | Attacked by a delusional Derelict stockpiling parts 606 | -6/Lower Caves | Discovered new exit (range 10) 613 | -6/Lower Caves | Entered Factory 613 | -5/Factory | Evolved 2 slots: Propulsion x1, Utility x1 665 | -5/Factory | Sucked down chute 665 | -5/Factory | Entered Waste 668 | -5/Waste | Spotted C-40 Crusher 671 | -5/Waste | Spotted C-40 Crusher 671 | -5/Waste | Spotted C-40 Crusher 673 | -5/Waste | Spotted C-40 Crusher 673 | -5/Waste | Spotted C-40 Crusher 678 | -5/Waste | Spotted C-40 Crusher 687 | -5/Waste | Discovered new exit (range 12) 690 | -5/Waste | Entered Factory 815 | -5/Factory | Discovered new exit (range 8) 819 | -5/Factory | Entered another Factory area 819 | -4/Factory | Evolved 2 slots: Propulsion x1, Utility x1 820 | -4/Factory | Identified exit to DSF 820 | -4/Factory | Entered DSF 838 | -4/DSF | Additional patrols routed to DSF 838 | -4/DSF | Discovered new exit (range 15) 844 | -4/DSF | Entered Research 844 | -3/Research | Evolved 2 slots: Propulsion x1, Utility x1 848 | -3/Research | Lost 4 parts (1p3n) 931 | -3/Research | Spotted B-86 Titan 934 | -3/Research | Discovered new exit (range 8) 938 | -3/Research | Entered Testing 974 | -3/Testing | Spotted PY-U4FTLFBAY7 1011 | -3/Testing | Spotted PL-HGH0QK6IVN 1016 | -3/Testing | Spotted Striker 1017 | -3/Testing | Spotted Striker 1022 | -3/Testing | Spotted Alpha 7 1026 | -3/Testing | Stole the SGEMP Prototype 1030 | -3/Testing | Core integrity fell below 50% 1040 | -3/Testing | Scanned by Researcher 1051 | -3/Testing | Core integrity fell below 20% 1053 | -3/Testing | Self-destructed Last Messages --------------- 01031_ Penetrated by Slug. 01031_ Slug penetrates Wall. 01040_ Slammed into C-55 Analyst. 01040_ C-55 Analyst knocked back. 01040_ C-55 Analyst calls for reinforcements. 01040_ ALERT: Hostile activity reported, dispatching reinforcements to area. 01040_ Held in stasis. 01040_ C-55 Analyst is analyzing... 01040_ ALERT: Encountered unknown unique technology, formulating response. 01040_ Held in stasis. 01040_ C-55 Analyst is analyzing... 01044_ Held in stasis. 01044_ C-55 Analyst is analyzing... 01044_ Held in stasis. 01044_ C-55 Analyst is analyzing... 01046_ Slug penetrates Wall. 01048_ Held in stasis. 01048_ C-55 Analyst is analyzing... 01050_ Critical hit (Impale). 01052_ Held in stasis. Map ----- +----------------------------------------------------+ | ?????????????????????????????????????????????????? | | ?????????????????????????????????????????????????? | | ?????????????????????????????????????????????????? | | ?????????????????????????????????????????????????? | | ???????########??????????????????????????????????? | | ???????#""""""#??????????????########????????????? | | ???????#"" """#????????????? #????????????? | | ???????#"" % "####?????????? ! #????????????? | | ???????#"" #" ########## #????????????? | | ???????#"" / % # #????????????? | | ???????#" % / % " #????????????? | | ???????#" ## ####### # #????????????? | | ???????#""" ####?????# # #????????????? | | ???????##### #????????# # ! #????????????? | | ???????????####????????# ###########????????????? | | ???????????????????????#7 #??# #?????????????????? | | ???????????????????????# #??# #?????????????????? | | ???????????????????????# ####?###???????????????? | | ????????????????######## # #???????????????? | | ????????????????#"""" # # """" #???????????????? | | ????????????????#"" # # """" #???????????????? | | ????????????????#" l + """" #???????????????? | | ????????????????#"" # # """" #???????????????? | | ????????????????#"" " #cc# #?????#########?? | | ????????????????#""""" #KK############?# #?? | | ????????????????######## @####"""T"""### #?? | | ???????????????????????# # # """ #?? | | ???????????????????????# # = # """ #?? | | ???????????????????????# + # """ ##? | | ???????????????????????# # ! # # ? | | ???????????????????????# # ! ! # # ? | | ??????????????????????## ############## # ? | | ??????????????????????# k########????# + ? | | ??????????????????????# "" #????# ""T"" # ? | | ??????????????????????# "T #????# """"" # | | ??????????????????????# ##### #????######### | | ????????????????????####+#####?# #?????# | | ????????????????????# #?# #?????# | | ????????????????????#""" #?# #?????# """""" | | ????????????????????#""" #?# ####### """""" | | ????????????????????#""" #?# """""" | | ????????????????????# #?# ####### | | ????????????????????#""" ] #?#+##?????# """"" | | ??????????????????????"" # ?????# """"" | | ???????????????????????" # ???# """"" | | ??????????????????????? # """"" ?# | | ???????????????????????####### """"" ## """""" | | ?????????????????????????????# """"" ## """""" | | ?????????????????????????????# ## """""" | | ?????????????????????????????# ? ## | +----------------------------------------------------+ Best States ------------- Heat Dissipation 46 Energy Generation 14 Energy Capacity 280 Matter Stores 245 Matter Capacity 300 Sight Range 22 Terrain Scan Density 10 Evasion (%) 64 Item Schematics ----------------- None Robot Schematics ------------------ None Fabricated ------------ Nothing Alien Tech Used ----------------- None Achievements -------------- None Challenges ------------ None Game ------ Seed HybridCatalystInverter Manual? 0 Play Time 00:17:10 Cumulative 129.1 hours Start 2023.04.19 @ 19:06:31 End 2023.04.19 @ 19:21:30 Sessions 1 Manual Loads 0 Difficulty Rogue Special Mode None Game No. 372 Rogue 372 Adventurer 0 Explorer 0 Win Type - Total 4 Types 4/0/0/0/0/0/0/0/0 Lore% 60 Gallery% 64 Achievement% 54 Wizard Run 0 Options --------- ASCII 0 Keyboard 0 Movement Numpad Keybinds 0 Fullscreen 1 Font 12/Smallcaps Map View 83x54 Tactical HUD 1 Map Filters NONE Filters NONE Steam 1 RUN: 8b01c31c-fbd1-43b5-a52a-cbe6379047ce